 Dungeon Crawl Stone Soup version 0.29.0-4-gdea44cf6ec (webtiles) character file.

Game seed: 5816796203213078491

63 qw the Chopper (level 4, 0/26 HPs)
             Began as a Tengu Warper on Aug 28, 2022.
             Succumbed to their own poison gas
             ... on level 2 of the Dungeon.
             The game lasted 00:00:10 (1967 turns).

qw the Chopper (Tengu Warper)                       Turns: 1967, Time: 00:00:11

Health: 0/26       AC:  5    Str: 14    XL:     4   Next: 10%
Magic:  8/8        EV: 11    Int: 13    God:
Gold:   60         SH:  0    Dex: 13    Spells: 7/7 levels left

rFire   . . .      SeeInvis .   Y - +0 hand axe
rCold   . . .      Faith    .   (no shield)
rNeg    . . .      Spirit   .   e - +0 ring mail
rPois   .          Reflect  .   (helmet restricted)
rElec   .          Harm     .   (no cloak)
rCorr   .          Rampage  .   (no gloves)
Will    .....                   (boots unavailable)
Stlth   +.........              (no amulet)
HPRegen 0.08/turn               (no ring)
MPRegen 0.11/turn               (no ring)

@: lethally poisoned (0 -> -13)
A: beak, talons 3
a: no special abilities


You were on level 2 of the Dungeon.
You visited 1 branch of the dungeon, and saw 2 of its levels.

You collected 60 gold pieces.


Innate Abilities, Weirdness & Mutations

You have a beak for a mouth.
You have claws for feet.


   Skills:
 - Level 2.0 Fighting
 + Level 4.7 Axes
 - Level 1.0 Throwing
 - Level 1.1 Armour
 - Level 2.1 Dodging
 - Level 2.0 Spellcasting
 - Level 2.4 Translocations


You had 7 spell levels left.
You didn't know any spells.
Your spell library contained the following spells:

 Spells                   Type           Power      Damage    Failure   Level
 Blink                    Tloc           14%        N/A       30%         2
 Gell's Gravitas          Tloc           7%         N/A       52%         3
 Lesser Beckoning         Tloc           7%         N/A       52%         3
 Teleport Other           Tloc           7%         N/A       52%         3
 Manifold Assault         Tloc           7%         N/A       99%         5

Inventory:

Hand Weapons
 d - a +0 club
 Y - a +0 hand axe (weapon)
Armour
 e - a +0 ring mail (worn)
Scrolls
 b - a scroll of identify
Potions
 f - a potion of ambrosia {unknown}
 h - a potion of curing {unknown}
 i - a potion of heal wounds
 j - a potion of resistance {unknown}
 k - a potion of haste {unknown}
 m - a potion of brilliance {unknown}
 n - a potion of degeneration {unknown}

Dungeon Overview and Level Annotations

Branches:
Dungeon (2/15)

Altars:


Message History

The worm is moderately wounded.
The worm bites you.
You hit the worm. You claw the worm, but do no damage.
The worm is heavily wounded.
The worm bites you but does no damage.
You hit the worm. You claw the worm. You peck the worm, but do no damage.
The worm is severely wounded.
You hit the worm.
You kill the worm!
You start resting.
HP restored.
Done exploring.
1961 ||| READING scroll labelled OCHIRPH MUBA.
As you read the scroll labelled OCHIRPH MUBA, it crumbles to dust.
You feel momentarily disoriented.
It was a scroll of magic mapping.
Done exploring.
1962 ||| READING scroll labelled FUEMPI LANO.
The air fills with toxic fumes!
As you read the scroll labelled FUEMPI LANO, it crumbles to dust.
It was a scroll of poison.
Done exploring.
1963 ||| DRINKING 2 purple potions.
It was a potion of heal wounds.
You feel much better.
Done exploring.
(D) Dungeon
Where to? (* - list waypoints, Enter - D:2, ? - help)
What level of the Dungeon? (default 1, ? - help) Sorry, I don't know how to get there.
Done exploring.
1964 ||| Stepping randomly (stuck).
Really walk into that cloud of poison gas?
You are engulfed in poison gas.
You are lethally poisoned!
You feel very sick.
1965 ||| Stepping ~*~*~tactically~*~*~ (cloud).
You feel very sick.
There is a lethal amount of poison in your body!
You feel very sick.
There is a lethal amount of poison in your body!
You die...

.)...............##
#.....#
########....######
####### #....#
#....#
#########.#######
..............0.#
#########.#####¤####
)...# #.# #¤¤¤¤¤¤#
###.### #.# #¤¤¤@¤¤#
#...# #.# #¤¤¤¤¤¤#
###.# #.# #¤¤¤¤¤¤#
#####.###.###¤¤¤¤¤¤#
...........¤¤##¤####
######.##.##¤##¤#
.#####....##.##¤#
........>.##.##.#
..##########.##.#


There were no monsters in sight!

Vanquished Creatures
  An adder (D:2)
  2 worms (D:2)
  3 dart slugs
  5 ball pythons
  3 endoplasms (D:1)
  4 giant cockroaches
  4 goblins
  2 hobgoblins
  3 quokkas (D:1)
  7 bats
  3 kobolds (D:1)
  4 rats
41 creatures vanquished.

Notes
Turn   | Place    | Note
-------+----------+-------------------------------------------
     0 | D:1      | qw the Tengu Warper began the quest for the Orb.
     0 | D:1      | Reached XP level 1. HP: 12/12 MP: 4/4
     0 | D:1      | 0 ||| qw: Version: 0.1-a-89-g26bdef1
     0 | D:1      | 0 ||| qw: Game counter: 2084
     0 | D:1      | 0 ||| qw: Always use a shield: true
     0 | D:1      | 0 ||| qw: God list: Okawaru
     0 | D:1      | 0 ||| qw: Allow faded altars: false
     0 | D:1      | 0 ||| qw: Do Orc after D:15 true
     0 | D:1      | 0 ||| qw: Do second Lair branch before Depths: true
     0 | D:1      | 0 ||| qw: Lair rune preference: random
     0 | D:1      | 0 ||| qw: Plans: Normal
     0 | D:1      | 0 ||| PLANNING D:1-11
    79 | D:1      | 79 ||| Stepping ~*~*~tactically~*~*~ (stealth).
    80 | D:1      | Found a faded altar of an unknown god.
   102 | D:1      | 102 ||| Stepping ~*~*~tactically~*~*~ (stealth).
   103 | D:1      | 103 ||| Stepping ~*~*~tactically~*~*~ (stealth).
   105 | D:1      | 105 ||| Stepping ~*~*~tactically~*~*~ (stealth).
   114 | D:1      | Reached XP level 2. HP: 17/17 MP: 6/6
   137 | D:1      | Reached skill level 3 in Axes
   550 | D:1      | Reached XP level 3. HP: 21/21 MP: 7/7
   968 | D:1      | Reached skill level 4 in Axes
   977 | D:1      | 977 ||| UPGRADING to +0 ring mail.
   987 | D:1      | 987 ||| DROPPING +0 leather armour.
   988 | D:1      | 988 ||| READING 3 scrolls labelled XOXEQES QULEH.
  1089 | D:1      | 1089 ||| DRINKING 2 bubbling red potions.
  1131 | D:1      | 1131 ||| DRINKING 2 ruby potions.
  1132 | D:1      | 1132 ||| DROPPING 2 scrolls of silence.
  1133 | D:1      | 1133 ||| DROPPING scroll of blinking.
  1134 | D:1      | 1134 ||| DROPPING potion of lignification.
  1135 | D:1      | 1135 ||| DROPPING potion of attraction.
  1392 | D:2      | 1392 ||| Stepping ~*~*~tactically~*~*~ (hiding).
  1393 | D:2      | 1393 ||| Stepping ~*~*~tactically~*~*~ (hiding).
  1395 | D:2      | 1395 ||| Stepping ~*~*~tactically~*~*~ (hiding).
  1632 | D:2      | Reached XP level 4. HP: 26/26 MP: 8/8
  1893 | D:2      | 1893 ||| READING scroll labelled HINYUG JUWEA.
  1894 | D:2      | 1894 ||| READING 2 scrolls labelled RIORAO EMINTAI.
  1895 | D:2      | 1895 ||| READING scroll labelled QEIMOO QYIGH.
  1961 | D:2      | 1961 ||| READING scroll labelled OCHIRPH MUBA.
  1962 | D:2      | 1962 ||| READING scroll labelled FUEMPI LANO.
  1963 | D:2      | 1963 ||| DRINKING 2 purple potions.
  1964 | D:2      | 1964 ||| Stepping randomly (stuck).
  1965 | D:2      | 1965 ||| Stepping ~*~*~tactically~*~*~ (cloud).
  1965 | D:2      | HP: 6/26 [poisoned by you (poison gas)]
  1967 | D:2      | Succumbed to their own poison gas

Levels and vault maps discovered:
D:1:      sevenhm_arrival_forest_fort_small_5, layout_basic,
          chequers_ecumenical_altar_island
D:2:      layout_basic

Skill      XL: |  1  2  3 |
---------------+----------+-----
Axes           | 3 4 |  4.7
Fighting       | |  2.0
Throwing       | |  1.0
Armour         | |  1.1
Dodging        | |  2.1
Spellcasting   | |  2.0
Translocations | |  2.4

Action                   |  1- 3 |  4- 6 || total
-------------------------+-------+-------++-------
Melee: Hand axe          |    90 |    10 ||   100
       Peck              |    16 |     3 ||    19
       Kick              |    17 |     5 ||    22
       Punch             |     1 |       ||     1
Throw: Boomerang         |     7 |       ||     7
  Use: Potion            |     2 |     1 ||     3
       Scroll            |     1 |     5 ||     6
Armor: Leather armour    |    17 |       ||    17
       Ring mail         |    12 |     3 ||    15
Dodge: Dodged            |    56 |     3 ||    59

Table legend:
 A = Non-vault XP
 B = Vault XP
 C = Vault XP percentage of total XP
 D = Non-vault monster count
 E = Vault monster count
 F = Vault count percentage of total count
                 A         B        C        D         E       F
            +---------+---------+-------+---------+---------+-------
      Total |      91 |       0 |   0.0 |      41 |       0 |   0.0
            +---------+---------+-------+---------+---------+-------
        D:1 |      45 |       0 |   0.0 |      24 |       0 |   0.0
        D:2 |      46 |       0 |   0.0 |      17 |       0 |   0.0
            +---------+---------+-------+---------+---------+-------
